AoeStats
← ccereal

Coastal Forest

510522233Analyzed
3v3 RM · 2d ago on Oct 1, 2026· 24m 50s· 6 players
Game mode
Random Map
Map size
Normal (6 player)
Population
200
Speed
Normal
Resources
Standard
Victory
Conquest
Starting age
Dark Age
Ending age
Imperial Age
RankedLock teamsTeams togetherTeam positionsShared explorationLock speedFull tech treeHidden civsTurbo modeCheats
Victory
Defeat
🇫🇷 Mongols · France
1565
+15
🇫🇷 Gurjaras · France
1504
+18
🇫🇷 Magyars · France
1462
+19
🇦🇷 Varangians · Argentina
1562
-18
🇧🇪 Magyars · Belgium
1553
-18
🇳🇱 Vietnamese · Netherlands
1506
-16
ccereal
6:48 Loom
8:54 Feudal Age
13:26 Fletching
17:03 Wheelbarrow
23:01 Castle Age
21:35 Horse Collar
21:56 Gold Mining
22:06 Double-Bit Axe
23:04 Crossbowman
24:05 Bodkin Arrow
tony le gros rou
10:53 Feudal Age
15:02 Castle Age
14:30 Scale Barding Armor
Flybidi
5:32 Loom
8:50 Feudal Age
11:11 Double-Bit Axe
18:05 Scale Barding Armor
21:26 Castle Age
20:00 Bloodlines
21:02 Forging
21:20 Horse Collar
22:37 Chain Barding Armor
24:52 Husbandry
Luukjes
2:40 Loom
10:13 Feudal Age
16:11 Fletching
22:22 Double-Bit Axe
gjizhijian6866
11:23 Feudal Age
14:52 Castle Age
13:10 Double-Bit Axe
13:11 Loom
14:46 Forging
16:21 Horse Collar
17:10 Bloodlines
19:09 Scale Barding Armor
23:15 Wheelbarrow
22:45 Husbandry
24:40 Chain Barding Armor
belgawizard
6:11 Loom
9:42 Feudal Age
10:13 Double-Bit Axe
11:34 Town Watch
16:59 Wheelbarrow
26:58 Castle Age
Connection lost

Rejoining the realm…

Still unreachable

The connection could not be restored.

Session expired

The server has moved on; the page needs a fresh start.